BSA
CHICAGO MACHINE @ KANSAS CITY KINGS
06/09/2027
 
TOP OF THE 1ST
Chicago Machine batting - Pitching for Kansas City Kings : LHP Jesús López
Pitching: LHP Jesús López
Batting: RHB Roberto Cardona 0-0: Ball
1-0: Called Strike
1-1: Fly out, F9 (Flyball, 9LM)
Batting: SHB Edward Bartlett 0-0: Called Strike
0-1: Reached on error, E5 (Groundball, 56)
Batting: RHB Doug Stephens 0-0: Ball
1-0: Foul Ball, location: 2F
1-1: Called Strike
1-2: Grounds into double play, 5-4-3 (Groundball, 56)
Top of the 1st over - 0 run(s), 0 hit(s), 1 error(s), 0 left on base; Chicago 0 - Kansas City 0
BOTTOM OF THE 1ST
Kansas City Kings batting - Pitching for Chicago Machine : LHP Li-xue Si-ma
Pitching: LHP Li-xue Si-ma
Batting: RHB Chris Chandler 0-0: Foul Ball, location: 2F
0-1: Ball
1-1: Foul Ball, location: 2F
1-2: DOUBLE (Flyball, 7LM)
Batting: LHB Howard Lambert 0-0: Called Strike
0-1: Ball
Chris Chandler is caught stealing 3rd base
1-1: Ball
2-1: Ball
3-1: Ground out 3-1 (Groundball, 34)
Batting: RHB Toshimichi Kono 0-0: Ball
1-0: Ball
2-0: Foul Ball, location: 2F
2-1: Ball
3-1: Base on Balls
Batting: LHB Pablo Reyes 0-0: Called Strike
0-1: Fly out, F4 (Popup, 4D)
Bottom of the 1st over - 0 run(s), 1 hit(s), 0 error(s), 1 left on base; Chicago 0 - Kansas City 0
TOP OF THE 2ND
Chicago Machine batting - Pitching for Kansas City Kings : LHP Jesús López
Batting: RHB Matt Doyle 0-0: Called Strike
0-1: Called Strike
0-2: Foul Ball, location: 2F
0-2: Strikes out swinging
Batting: LHB Kiyonaga Morita 0-0: Swinging Strike
0-1: Ball
1-1: Swinging Strike
1-2: Ball
2-2: Fly out, F5 (Line Drive, 56)
Batting: SHB Joaquín López 0-0: Swinging Strike
0-1: SINGLE (Line Drive, 5)
Batting: SHB Jesús Ramírez 0-0: Called Strike
0-1: Ball
1-1: Swinging Strike
1-2: Strikes out looking
Top of the 2nd over - 0 run(s), 1 hit(s), 0 error(s), 1 left on base; Chicago 0 - Kansas City 0
BOTTOM OF THE 2ND
Kansas City Kings batting - Pitching for Chicago Machine : LHP Li-xue Si-ma
Batting: SHB José Cruz 0-0: SINGLE (Groundball, 4MD)
Batting: LHB Brian Boone 0-0: Hit by Pitch
José Cruz to second
Batting: SHB António De La Cruz 0-0: Ball
1-0: Ball
2-0: Called Strike
2-1: Called Strike
2-2: Ball
3-2: Foul Ball, location: 2F
3-2: Strikes out swinging
Batting: RHB Eric Fuller 0-0: Foul Ball, location: 2F
0-1: Grounds into double play, 4-6-3 (Groundball, 4)
Bottom of the 2nd over - 0 run(s), 1 hit(s), 0 error(s), 1 left on base; Chicago 0 - Kansas City 0
TOP OF THE 3RD
Chicago Machine batting - Pitching for Kansas City Kings : LHP Jesús López
Batting: LHB Eric Wheeler 0-0: Swinging Strike
0-1: Swinging Strike
0-2: Ball
1-2: SINGLE (Line Drive, 8RS)
Batting: RHB Sam Wallace 0-0: Ball
1-0: Fly out, F7 (Flyball, 7)
Batting: RHB Roberto Cardona 0-0: Ball
1-0: Ball
2-0: Called Strike
2-1: Swinging Strike
2-2: Strikes out swinging
Batting: SHB Edward Bartlett 0-0: Ball
1-0: Called Strike
1-1: Swinging Strike
1-2: Ball
2-2: Strikes out swinging
Top of the 3rd over - 0 run(s), 1 hit(s), 0 error(s), 1 left on base; Chicago 0 - Kansas City 0
BOTTOM OF THE 3RD
Kansas City Kings batting - Pitching for Chicago Machine : LHP Li-xue Si-ma
Batting: RHB Raúl Bruno 0-0: Ball
1-0: Ball
2-0: Called Strike
2-1: Ball
3-1: Ground out 6-3 (Groundball, 6)
Batting: RHB Chris Chandler 0-0: Called Strike
0-1: Foul Ball, location: 2F
0-2: SINGLE (Groundball, 6MD)
Batting: LHB Howard Lambert 0-0: Ball
1-0: Ball
2-0: Foul Ball, location: 2F
2-1: Swinging Strike
2-2: Strikes out swinging
Batting: RHB Toshimichi Kono 0-0: Ball
1-0: Ground out U3 (Groundball, 34S)
Bottom of the 3rd over - 0 run(s), 1 hit(s), 0 error(s), 1 left on base; Chicago 0 - Kansas City 0
TOP OF THE 4TH
Chicago Machine batting - Pitching for Kansas City Kings : LHP Jesús López
Batting: RHB Doug Stephens 0-0: Foul Ball, location: 2F
0-1: Swinging Strike
0-2: Ball
1-2: Foul Ball, location: 2F
1-2: Strikes out looking
Batting: RHB Matt Doyle 0-0: Fly out, F8 (Flyball, 8LM)
Batting: LHB Kiyonaga Morita 0-0: SINGLE (Line Drive, 78S)
Batting: SHB Joaquín López 0-0: Ball
1-0: Ball
2-0: Called Strike
2-1: Called Strike
2-2: Ball
3-2: Base on Balls
Kiyonaga Morita to second
Batting: SHB Jesús Ramírez 0-0: Swinging Strike
0-1: Foul Ball, location: 2F
0-2: Ball
1-2: Strikes out looking
Top of the 4th over - 0 run(s), 1 hit(s), 0 error(s), 2 left on base; Chicago 0 - Kansas City 0
BOTTOM OF THE 4TH
Kansas City Kings batting - Pitching for Chicago Machine : LHP Li-xue Si-ma
Batting: LHB Pablo Reyes 0-0: Foul Ball, location: 2F
0-1: Ball
1-1: Ball
2-1: SINGLE (Groundball, 4MD)
Batting: SHB José Cruz 0-0: Called Strike
0-1: Called Strike
0-2: Fly out, F2 (Popup, 23)
Batting: LHB Brian Boone 0-0: Ball
1-0: Ball
2-0: Ball
3-0: Base on Balls
Pablo Reyes to second
Pitching: RHP Shiki Kanno
Batting: SHB António De La Cruz 0-0: Called Strike
Pablo Reyes is caught stealing 3rd base
Brian Boone to second
0-1: Ball
1-1: Foul Ball, location: 2F
1-2: Strikes out looking
Bottom of the 4th over - 0 run(s), 1 hit(s), 0 error(s), 1 left on base; Chicago 0 - Kansas City 0
TOP OF THE 5TH
Chicago Machine batting - Pitching for Kansas City Kings : LHP Jesús López
Batting: LHB Eric Wheeler 0-0: Ground out 5-3 (Groundball, 56)
Batting: RHB Sam Wallace 0-0: Ball
1-0: Ball
2-0: Called Strike
2-1: DOUBLE (Line Drive, 78D)
Batting: RHB Roberto Cardona 0-0: Called Strike
0-1: Swinging Strike
0-2: Foul Ball, location: 2F
0-2: Ball
1-2: Strikes out swinging
Batting: SHB Edward Bartlett 0-0: Called Strike
0-1: Called Strike
0-2: SINGLE (Groundball, 56D)
Sam Wallace to third
Runner from 3rd tries for Home, SAFE, throw made home
Edward Bartlett to second
Batting: RHB Doug Stephens 0-0: Ball
1-0: Ball
2-0: Ball
3-0: Base on Balls
Batting: RHB Matt Doyle 0-0: Ball
1-0: Ball
2-0: Called Strike
2-1: Ball
3-1: Fly out, F9 (Flyball, 89M)
Top of the 5th over - 1 run(s), 2 hit(s), 0 error(s), 2 left on base; Chicago 1 - Kansas City 0
BOTTOM OF THE 5TH
Kansas City Kings batting - Pitching for Chicago Machine : RHP Shiki Kanno
Batting: RHB Eric Fuller 0-0: Called Strike
0-1: Called Strike
0-2: Ball
1-2: Ball
2-2: Strikes out looking
Batting: RHB Raúl Bruno 0-0: Ball
1-0: Called Strike
1-1: Called Strike
1-2: Ball
2-2: Ball
3-2: Fly out, F9 (Flyball, 89M)
Batting: RHB Chris Chandler 0-0: Swinging Strike
0-1: Ball
1-1: Called Strike
1-2: Ground out 6-3 (Groundball, 6MD)
Bottom of the 5th over - 0 run(s), 0 hit(s), 0 error(s), 0 left on base; Chicago 1 - Kansas City 0
TOP OF THE 6TH
Chicago Machine batting - Pitching for Kansas City Kings : LHP Jesús López
Batting: LHB Kiyonaga Morita 0-0: Called Strike
0-1: Ball
1-1: Foul Ball, location: 2F
1-2: Ball
2-2: Ball
3-2: Strikes out swinging
Batting: SHB Joaquín López 0-0: DOUBLE (Groundball, 5L)
Batting: SHB Jesús Ramírez 0-0: Ball
1-0: Ground out 6-3 (Groundball, 6M)
Joaquín López to third
Batting: LHB Eric Wheeler 0-0: Foul Ball, location: 2F
0-1: Fly out, F7 (Flyball, 7LM)
Top of the 6th over - 0 run(s), 1 hit(s), 0 error(s), 1 left on base; Chicago 1 - Kansas City 0
BOTTOM OF THE 6TH
Kansas City Kings batting - Pitching for Chicago Machine : RHP Shiki Kanno
Batting: LHB Howard Lambert 0-0: Foul Ball, location: 2F
0-1: Foul Ball, location: 2F
0-2: Strikes out swinging
Batting: RHB Toshimichi Kono 0-0: Ball
1-0: Ball
2-0: Fly out, F7 (Flyball, 78M)
Batting: LHB Pablo Reyes 0-0: Called Strike
0-1: Fly out, F8 (Flyball, 8LD)
Bottom of the 6th over - 0 run(s), 0 hit(s), 0 error(s), 0 left on base; Chicago 1 - Kansas City 0
TOP OF THE 7TH
Chicago Machine batting - Pitching for Kansas City Kings : LHP Jesús López
Batting: RHB Sam Wallace 0-0: Fly out, F7 (Flyball, 7)
Batting: RHB Roberto Cardona 0-0: Swinging Strike
0-1: Ball
1-1: Foul Ball, location: 2F
1-2: Strikes out swinging
Batting: SHB Edward Bartlett 0-0: Ball
1-0: Foul Ball, location: 2F
1-1: Fly out, F6 (Popup, 6D)
Top of the 7th over - 0 run(s), 0 hit(s), 0 error(s), 0 left on base; Chicago 1 - Kansas City 0
BOTTOM OF THE 7TH
Kansas City Kings batting - Pitching for Chicago Machine : RHP Shiki Kanno
Batting: SHB José Cruz 0-0: Ball
1-0: Called Strike
1-1: DOUBLE (Line Drive, 89D)
Batting: LHB Brian Boone 0-0: Foul Ball, location: 2F
0-1: Ball
1-1: Foul Ball, location: 2F
1-2: Foul Ball, location: 2F
1-2: Foul Ball, location: 2F
1-2: Strikes out swinging, 2-3 out at first.
Batting: SHB António De La Cruz 0-0: Fly out, F8 (Flyball, 8RXD)
Runner from 2nd tags up, SAFE at 3rd, no throw
Pinch Hitting: LHB Ray Spencer 0-0: Called Strike
0-1: Foul Ball, location: 2F
0-2: Fly out, F7 (Flyball, 7S)
Bottom of the 7th over - 0 run(s), 1 hit(s), 0 error(s), 1 left on base; Chicago 1 - Kansas City 0
TOP OF THE 8TH
Chicago Machine batting - Pitching for Kansas City Kings : LHP Jesús López
Pitching: RHP Mike Hodges
Now at 3B: John Miller
Batting: RHB Doug Stephens 0-0: Fly out, F8 (Flyball, 8RD)
Batting: RHB Matt Doyle 0-0: Ball
1-0: Foul Ball, location: 2F
1-1: Called Strike
1-2: Ball
2-2: Ground out 1-3 (Groundball, P)
Batting: LHB Kiyonaga Morita 0-0: Ball
1-0: Swinging Strike
1-1: Swinging Strike
1-2: Strikes out swinging
Top of the 8th over - 0 run(s), 0 hit(s), 0 error(s), 0 left on base; Chicago 1 - Kansas City 0
BOTTOM OF THE 8TH
Kansas City Kings batting - Pitching for Chicago Machine : RHP Shiki Kanno
Pitching: RHP Raúl Ruíz
Now at C: Paul Swift
Batting: RHB Raúl Bruno 0-0: Ground out 6-3 (Groundball, 6)
Batting: RHB Chris Chandler 0-0: Called Strike
0-1: Ball
1-1: Foul Ball, location: 2F
1-2: Ball
2-2: SINGLE (Groundball, 56D)
Pitching: LHP Austin Wall
Batting: LHB Howard Lambert 0-0: Called Strike
0-1: Ball
1-1: Called Strike
1-2: Ball
2-2: DOUBLE (Line Drive, 78D)
Chris Chandler to third
Pitching: RHP Howard Joyce
Batting: RHB Toshimichi Kono 0-0: Called Strike
0-1: Ball
1-1: Ball
2-1: SINGLE (Flyball, 4MD)
Chris Chandler scores
Howard Lambert to third
Runner from 3rd tries for Home, SAFE, no throw
Batting: LHB Pablo Reyes 0-0: Foul Ball, location: 2F
0-1: Grounds into double play, 6-4-3 (Groundball, 6)
Bottom of the 8th over - 2 run(s), 3 hit(s), 0 error(s), 0 left on base; Chicago 1 - Kansas City 2
TOP OF THE 9TH
Chicago Machine batting - Pitching for Kansas City Kings : RHP Mike Hodges
Pitching: LHP Ignacio Colón
Batting: SHB Joaquín López 0-0: Ball
1-0: Called Strike
1-1: Foul Ball, location: 2F
1-2: Ball
2-2: Foul Ball, location: 2F
2-2: Strikes out swinging
Batting: SHB Jesús Ramírez 0-0: Foul Ball, location: 2F
0-1: Ground out 6-3 (Groundball, 56)
Batting: LHB Eric Wheeler 0-0: Ball
1-0: Ball
2-0: Called Strike
2-1: Ball
3-1: Called Strike
3-2: Fly out, F4 (Popup, 4)
Top of the 9th over - 0 run(s), 0 hit(s), 0 error(s), 0 left on base; Chicago 1 - Kansas City 2
Thursday, March 30th, 2017 - OOTP Baseball 17.12 Build 75